Map: [EWC] Ghost River

Players

HeroMarine

  • Race: Terran Terran
  • Spawn Location: 1:00

GuMiho - Winner!

  • Race: Terran Terran
  • Spawn Location: 11:00

Event: Esports World Cup 2024

VOD

Have the link to the VOD?

Description

Time

  • Played on: Aug. 15, 2024, 6:58 a.m.
  • Length: 14:22

All games in this series

Show
View Real Time Build Order
Export as new Build Order

HeroMarine Terran 

Build Orders: Cyclone Opening 

Get SALT Encoding   

  12  0:00  SCV  
  13  0:12  SCV  
  14  0:17  Supply Depot  
  14  0:24  SCV  
  15  0:38  SCV  
  15  0:39  Barracks  
  15  0:42  Refinery  
  16  0:50  SCV  
  16  0:52  Refinery  
  17  1:02  SCV  
  18  1:15  SCV  
  19  1:27  Orbital Command, Reaper  
  19  1:31  Supply Depot  
  20  1:39  Factory  
  20  1:52  SCV  
  21  1:59  Reaper  
  22  2:04  SCV  
  23  2:15  Command Center  
  23  2:17  SCV  
  24  2:23  Cyclone  
  24  2:29  SCV  
  27  2:36  Starport  
  27  2:41  SCV  
  28  2:45  Supply Depot  
  28  2:46  Barracks Reactor  
  28  2:53  SCV  
  28  2:55  Cyclone  
  31  3:06  SCV  
  31  3:12  Medivac  
  34  3:13  Refinery  
  34  3:18  SCV  
  35  3:25  Marine x2  
  35  3:27  Orbital Command  
  37  3:30  SCV  
  37  3:31  Factory Tech Lab  
  38  3:42  SCV  
  38  3:43  Marine x2  
  38  3:44  Starport Tech Lab  
  38  3:48  Supply Depot  
  41  3:52  SCV  
  41  3:54  SCV  
  43  4:05  SCV  
  43  4:07  SCV  
  43  4:08  Marine x2  
  43  4:12  Raven, Siege Tank  
  47  4:17  SCV  
  47  4:19  SCV  
  48  4:26  Marine x2  
  48  4:29  SCV  
  48  4:31  SCV  
  52  4:32  Interference Matrix  
  52  4:37  Supply Depot  
  52  4:41  SCV  
  52  4:43  SCV  
  52  4:44  Siege Tank, Marine x2  
  59  4:47  Raven  
  61  4:53  SCV  
  61  4:55  SCV  
  61  5:01  Marine  
  61  5:02  Marine  
  61  5:03  Command Center  
  61  5:05  SCV  
  61  5:06  Supply Depot  
  64  5:07  SCV  
  64  5:10  Refinery  
  65  5:16  Siege Tank  
  65  5:17  SCV  
  65  5:19  SCV  
  70  5:22  Starport  
  70  5:27  Marine x2  
  70  5:28  Raven  
  74  5:29  SCV  
  74  5:31  SCV  
  74  5:35  Supply Depot  
  76  5:41  SCV  
  77  5:43  SCV  
  85  5:57  SCV x2, Siege Tank  
  83  6:04  Viking  
  83  6:09  SCV x2  
  83  6:10  Barracks Reactor  
  77  6:19  Viking x2  
  77  6:21  SCV x2  
  76  6:27  Starport  
  76  6:28  Orbital Command  
  76  6:29  Siege Tank  
  76  6:33  SCV x2  
  76  6:34  Engineering Bay  
  76  6:35  Viking  
  80  6:42  Refinery  
  80  6:45  SCV x2  
  82  6:49  Marine, Viking  
  82  6:50  Marine, Viking  
  88  6:57  SCV x2  
  88  6:58  Refinery  
  90  7:04  SCV  
  90  7:07  Cyclone, Marine x2  
  89  7:09  SCV  
  89  7:12  SCV  
  89  7:16  SCV  
  89  7:21  SCV  
  89  7:22  Viking x2  
  94  7:24  SCV  
  94  7:28  Orbital Command  
  94  7:32  Barracks Reactor  
  94  7:33  SCV  
  94  7:36  SCV  
  95  7:37  Missile Turret  
  95  7:40  Viking x2  
  95  7:41  Viking  
  101  7:49  Supply Depot  
  101  7:50  Supply Depot x2  
  103  7:55  Viking x2  
  105  8:08  Command Center  
  105  8:13  SCV x3  
  105  8:14  Missile Turret  
  105  8:17  Viking  
  105  8:18  Viking x2  
  114  8:20  Siege Tank  
  117  8:29  Viking x2  
  117  8:32  Sensor Tower  
  121  8:35  Supply Depot x2  
  121  8:47  Viking  
  121  8:48  Viking  
  125  8:49  Supply Depot, SCV x3  
  125  8:53  Armory  
  125  8:55  Siege Tank  
  131  8:56  Armory  
  131  9:03  SCV  
  134  9:12  Refinery  
  134  9:13  Liberator x2, Refinery  
  134  9:14  Command Center  
  138  9:17  Viking  
  138  9:19  Viking  
  140  9:24  Viking  
  140  9:29  Viking  
  144  9:33  SCV x3  
  144  9:43  Siege Tank  
  147  9:47  Orbital Command  
  147  9:49  Sensor Tower  
  147  9:57  Terran Vehicle And Ship Armor Level 1, Terran Ship Weapons Level 1  
  147  10:00  Command Center  
  147  10:02  SCV  
  147  10:03  SCV x2  
  150  10:09  Viking x4  
  150  10:13  Viking  
  159  10:15  SCV  
  159  10:16  Viking  
  161  10:24  Supply Depot x3  
  161  10:41  Viking  
  161  10:42  Viking x3  
  166  10:43  Viking  
  166  10:48  Starport  
  168  10:50  Starport  
  168  10:51  Command Center  
  168  10:53  Viking  
  170  11:01  Siege Tank  
  173  11:05  Missile Turret, Sensor Tower  
  173  11:07  Missile Turret  
  173  11:09  Missile Turret x2  
  173  11:11  Viking  
  173  11:25  Viking x4  
  181  11:26  Starport Tech Lab x2  
  181  11:29  Viking  
  181  11:32  Fusion Core  
  183  11:38  Planetary Fortress  
  183  11:47  Refinery, Viking x2  
  180  11:48  Missile Turret  
  180  11:50  Missile Turret x2, Refinery  
  180  11:51  Viking  
  158  11:54  Viking  
  158  11:57  Viking  
  158  11:58  Viking  
  146  12:04  Viking  
  146  12:05  Viking  
  124  12:17  Viking x2  
  124  12:21  Viking  
  126  12:24  Viking  
  126  12:27  Viking x2  
  132  12:30  Orbital Command  
  132  12:38  Refinery  
  132  12:39  Missile Turret, Refinery  
  132  12:42  Viking x2  
  136  12:46  Viking  
  136  12:47  Viking  
  140  12:51  Viking  
  140  12:52  Sensor Tower  
  140  13:02  Viking x2  
  143  13:05  Viking  
  143  13:07  Hellion  
  143  13:08  SCV x2  
  143  13:12  Viking x2  
  153  13:24  Viking x2  
  159  13:30  Siege Tank  
  159  13:32  Orbital Command, Viking x2  
  165  13:37  Viking  
  152  13:42  Viking x2  
  105  13:56  SCV x3  
  105  13:57  SCV x2  
Show
View Real Time Build Order
Export as new Build Order

GuMiho Terran - Winner!

Build Orders: Cyclone Opening, Gas First Reaper Expand 

Get SALT Encoding   

  12  0:00  SCV  
  13  0:12  SCV  
  14  0:17  Supply Depot  
  14  0:24  SCV  
  14  0:27  Refinery  
  15  0:38  SCV  
  16  0:44  Barracks  
  16  0:50  SCV  
  17  1:02  SCV  
  18  1:14  SCV  
  19  1:30  Orbital Command  
  19  1:31  Reaper  
  20  1:41  Command Center  
  20  1:50  Factory  
  20  1:56  SCV  
  21  2:02  Supply Depot  
  21  2:05  Marine  
  22  2:11  Refinery  
  22  2:12  SCV  
  23  2:23  Marine  
  23  2:24  SCV  
  25  2:34  Hellion  
  25  2:36  SCV, Starport  
  28  2:44  Barracks Reactor  
  28  2:48  SCV  
  29  2:54  Orbital Command  
  29  2:59  Cyclone  
  29  3:01  SCV  
  32  3:12  Medivac  
  34  3:13  SCV  
  34  3:17  Supply Depot  
  35  3:21  SCV  
  35  3:22  Marine x2  
  35  3:25  SCV  
  39  3:31  Cyclone  
  41  3:34  SCV  
  41  3:37  SCV  
  41  3:40  Marine x2  
  45  3:44  Viking  
  47  3:48  Supply Depot, SCV  
  45  4:10  Marine x2  
  45  4:12  SCV x2  
  45  4:13  Factory Tech Lab  
  48  4:23  Refinery  
  48  4:24  SCV x2  
  48  4:27  Command Center  
  50  4:32  Siege Tank  
  50  4:37  SCV x2, Factory  
  55  4:41  Supply Depot, Refinery  
  55  4:44  Viking  
  57  4:50  Viking  
  58  4:55  SCV  
  58  4:58  SCV  
  60  5:05  Siege Tank  
  63  5:07  SCV  
  63  5:08  Barracks Tech Lab  
  63  5:10  SCV  
  65  5:19  SCV  
  66  5:21  Viking  
  66  5:22  SCV  
  66  5:24  Supply Depot  
  69  5:31  SCV  
  70  5:46  SCV x2, Siege Tank, Viking  
  70  5:47  Supply Depot  
  77  5:51  Viking  
  77  5:56  Orbital Command  
  77  5:58  SCV x2  
  79  6:16  Viking  
  71  6:21  Viking  
  71  6:25  SCV x2  
  73  6:29  Orbital Command  
  73  6:37  SCV x2  
  75  6:44  Siege Tank x2  
  81  6:49  SCV x2  
  83  6:55  SCV  
  84  7:01  SCV x2, Refinery  
  84  7:05  Refinery  
  84  7:13  SCV x2, Viking x2  
  88  7:22  Siege Tank  
  91  7:23  SCV  
  91  7:24  Supply Depot  
  91  7:25  SCV  
  91  7:28  SCV, Siege Tank  
  97  7:35  SCV  
  97  7:36  Command Center  
  98  7:37  SCV  
  98  7:40  SCV  
  98  7:42  Starport  
  98  7:43  Supply Depot  
  98  7:44  Supply Depot, Starport  
  100  7:45  Supply Depot  
  100  7:47  SCV  
  100  7:50  SCV, Viking x2  
  106  7:52  SCV  
  107  7:59  SCV, Armory  
  107  8:01  Armory  
  107  8:02  SCV  
  107  8:04  Cyclone  
  111  8:08  Cyclone  
  111  8:09  SCV  
  111  8:11  SCV  
  115  8:14  SCV  
  116  8:21  SCV  
  116  8:24  Starport Reactor x2  
  116  8:25  SCV  
  116  8:26  SCV  
  119  8:33  SCV  
  120  8:35  Viking x2  
  120  8:37  SCV  
  120  8:39  Supply Depot, Refinery  
  120  8:40  Refinery  
  125  8:48  Terran Vehicle And Ship Armor Level 1, Terran Ship Weapons Level 1  
  125  8:50  SCV x3  
  128  8:57  Orbital Command  
  128  9:02  SCV x2, Viking x3  
  136  9:03  SCV  
  136  9:04  Viking  
  139  9:16  SCV x2  
  139  9:17  SCV  
  141  9:18  Command Center  
  141  9:27  Viking x2  
  145  9:32  SCV x4, Viking x2  
  153  9:42  Viking  
  153  9:43  Viking  
  153  9:44  SCV x3  
  153  9:45  SCV  
  161  9:49  Supply Depot x3  
  161  9:54  Smart Servos  
  161  9:55  Starport  
  161  9:57  Starport, Viking  
  161  9:59  Viking  
  165  10:03  Engineering Bay  
  165  10:07  Viking x2  
  169  10:18  Command Center  
  169  10:19  Viking x2  
  169  10:20  Command Center  
  168  10:41  Viking x3  
  168  10:42  Starport Reactor x2, Viking  
  176  10:43  Siege Tank x2  
  176  10:44  Terran Ship Weapons Level 2  
  176  10:46  Terran Vehicle And Ship Armor Level 2  
  182  10:55  Missile Turret  
  182  10:56  Missile Turret  
  182  11:01  Missile Turret  
  182  11:03  Missile Turret  
  182  11:12  Viking x4  
  182  11:13  Viking x2  
  182  11:15  Siege Tank  
  182  11:16  Siege Tank  
  196  11:27  Command Center  
  196  11:31  Planetary Fortress  
  196  11:39  Viking x2  
  199  11:43  Refinery  
  199  11:47  Refinery  
  199  11:48  Viking x2  
  199  11:49  Viking x2  
  199  11:50  Viking x2  
  199  11:52  Viking x2  
  147  12:09  Viking x2  
  145  12:18  Viking x2  
  145  12:19  Viking x2  
  145  12:22  Viking x3  
  151  12:24  Orbital Command x2  
  151  12:27  Cyclone x2  
  157  12:38  Planetary Fortress  
  157  12:41  Viking x2  
  157  12:42  Viking  
  163  12:48  Missile Turret, Viking  
  163  12:49  Missile Turret  
  165  12:59  Refinery  
  165  13:00  Refinery  
  165  13:05  Cyclone  
  165  13:06  Cyclone  
  165  13:07  Viking x2  
  165  13:08  Viking x4  
  165  13:11  Viking  
  165  13:12  Viking  
  185  13:17  Viking  
  187  13:26  Viking  
  189  13:27  Missile Turret  
  186  13:37  Viking x2  
  186  13:38  Cyclone x2, Viking  
  179  13:43  Viking x3  
  179  13:46  Viking  
Tags
 
Add a new tag
Caveats
  • Supply blocks, unpowered buildings, or Contaminate may cause inaccurate times.
  • Supply counts are checked every 10 seconds.